ESL (28 & UNDER)
MINNESOTA MANBEARPIGS @ KINGSTON IGUANAS
09/19/2029
 
TOP OF THE 1ST
Minnesota ManBearPigs batting - Pitching for Kingston Iguanas : RHP Brandon Malet
Pitching: RHP Brandon Malet
Batting: RHB Carlos López 0-0: Called Strike
0-1: Ball
1-1: Ball
2-1: Foul Ball, location: 2F
2-2: Ball
3-2: Strikes out swinging
Batting: LHB Stanley Smith 0-0: SINGLE (Line Drive, 6D)
Batting: LHB Pedro Escobar 0-0: Ball
Stanley Smith is caught stealing 2nd base
1-0: Foul Ball, location: 2F
1-1: Foul Ball, location: 2F
1-2: Foul Ball, location: 2F
1-2: Ground out 4-3 (Groundball, 34)
Top of the 1st over - 0 runs, 1 hit, 0 errors, 0 left on base; Minnesota 0 - Kingston 0
BOTTOM OF THE 1ST
Kingston Iguanas batting - Pitching for Minnesota ManBearPigs : RHP José Antonio Peña
Pitching: RHP José Antonio Peña
Batting: LHB Marvin Nichols 0-0: Called Strike
0-1: Fly out, F6 (Popup, 6MS)
Batting: RHB Tim Davis 0-0: Ball
1-0: Fly out, F5 (Line Drive, 56)
Batting: LHB Gustavo Gómez 0-0: SINGLE (Flyball, 89M)
Batting: RHB Bob Lee 0-0: Ball
1-0: Ball
2-0: Foul Ball, location: 2F
2-1: Foul Ball, location: 2F
2-2: Ball
3-2: DOUBLE (Flyball, 8RXD)
Gustavo Gómez to third
Gustavo Gómez scores
Batting: RHB Andrés Bustamante 0-0: Ball
1-0: Called Strike
Balk!
Bob Lee to third
1-1: Ball
2-1: Swinging Strike
2-2: Strikes out looking
Bottom of the 1st over - 1 run, 2 hits, 0 errors, 1 left on base; Minnesota 0 - Kingston 1
TOP OF THE 2ND
Minnesota ManBearPigs batting - Pitching for Kingston Iguanas : RHP Brandon Malet
Batting: RHB Jaime Hernández 0-0: Ball
1-0: SINGLE (Line Drive, 8LS)
Batting: LHB Greg MacCanish 0-0: Ball
1-0: Hit by Pitch
Jaime Hernández to second
Batting: RHB James Hunter 0-0: Ball
1-0: Fielders Choice at 2nd, 1-6 (Groundball, 13)
Jaime Hernández to third
Batting: LHB Horace Kramer 0-0: Called Strike
0-1: Foul Ball, location: 2F
0-2: Strikes out looking
Batting: RHB Pedro López 0-0: Called Strike
0-1: Ball
1-1: Fly out, F7 (Flyball, 7LD)
Top of the 2nd over - 0 runs, 1 hit, 0 errors, 2 left on base; Minnesota 0 - Kingston 1
BOTTOM OF THE 2ND
Kingston Iguanas batting - Pitching for Minnesota ManBearPigs : RHP José Antonio Peña
Batting: RHB Manuel Gómez 0-0: Ball
1-0: Swinging Strike
1-1: Ball
2-1: Ball
3-1: Swinging Strike
3-2: Strikes out swinging, 2-3 out at first.
Batting: RHB Sergio Mata 0-0: Ball
1-0: Ball
2-0: Ball
3-0: Called Strike
3-1: SINGLE (Groundball, 56D)
Batting: RHB Cristián López 0-0: Called Strike
Sergio Mata steals 2nd base
0-1: Ball
1-1: Ball
2-1: Foul Ball, location: 2F
2-2: Ball
3-2: Base on Balls
Batting: RHB Ron Campbell 0-0: Ball
1-0: Ball
2-0: Foul Ball, location: 2F
2-1: Foul Ball, location: 2F
2-2: Ball
3-2: Base on Balls
Sergio Mata to third
Cristián López to second
Batting: LHB Marvin Nichols 0-0: Ball
1-0: Foul Ball, location: 2F
1-1: Ball
2-1: DOUBLE (Line Drive, 9LD)
Sergio Mata scores
Cristián López scores
Ron Campbell to third
Batting: RHB Tim Davis 0-0: Ball
1-0: Ball
2-0: Called Strike
2-1: Ball
3-1: Foul Ball, location: 2F
3-2: Fly out, F7 (Line Drive, 7)
Runner from 3rd tags up, SCORES, throw made
Batting: LHB Gustavo Gómez 0-0: Called Strike
0-1: Ball
1-1: Ball
2-1: Fly out, F9 (Flyball, 9)
Bottom of the 2nd over - 3 runs, 2 hits, 0 errors, 1 left on base; Minnesota 0 - Kingston 4
TOP OF THE 3RD
Minnesota ManBearPigs batting - Pitching for Kingston Iguanas : RHP Brandon Malet
Batting: RHB Álex Martínez 0-0: Foul Ball, location: 2F
0-1: DOUBLE (Flyball, 8RD)
Batting: RHB Carlos López 0-0: Ball
1-0: SINGLE (Line Drive, 6M)
Álex Martínez to third
Batting: LHB Stanley Smith 0-0: Ball
Carlos López is caught stealing 2nd base
1-0: SINGLE (Groundball, 34S) (infield hit)
Álex Martínez scores
Batting: LHB Pedro Escobar 0-0: Fly out, F8 (Flyball, 89D)
Batting: RHB Jaime Hernández 0-0: Called Strike
Stanley Smith steals 2nd base
0-1: Ball
1-1: Ground out U3 (Groundball, 3)
Top of the 3rd over - 1 run, 3 hits, 0 errors, 1 left on base; Minnesota 1 - Kingston 4
BOTTOM OF THE 3RD
Kingston Iguanas batting - Pitching for Minnesota ManBearPigs : RHP José Antonio Peña
Batting: RHB Bob Lee 0-0: Ball
1-0: SINGLE (Groundball, 56D)
Batting: RHB Andrés Bustamante 0-0: Ball
1-0: Called Strike
1-1: Grounds into double play, 4-6-3 (Groundball, 34)
Batting: RHB Manuel Gómez 0-0: Ground out 5-3 (Groundball, 56S)
Bottom of the 3rd over - 0 runs, 1 hit, 0 errors, 0 left on base; Minnesota 1 - Kingston 4
TOP OF THE 4TH
Minnesota ManBearPigs batting - Pitching for Kingston Iguanas : RHP Brandon Malet
Batting: LHB Greg MacCanish 0-0: Called Strike
0-1: Ball
1-1: Ball
2-1: Swinging Strike
2-2: Ball
3-2: Foul Ball, location: 2F
3-2: Foul Ball, location: 2F
3-2: Base on Balls
Batting: RHB James Hunter 0-0: Ball
1-0: Ball
2-0: 2-RUN HOME RUN (Flyball, 7LD), Distance : 345 ft
Batting: LHB Horace Kramer 0-0: Ball
1-0: Ball
2-0: Foul Ball, location: 2F
2-1: Ball
3-1: Base on Balls
Batting: RHB Pedro López 0-0: Called Strike
0-1: Fly out, F9 (Flyball, 9LSF)
Batting: RHB Álex Martínez 0-0: Called Strike
0-1: 2-RUN HOME RUN (Flyball, 9D), Distance : 365 ft
Batting: RHB Carlos López 0-0: Ball
1-0: Ground out 6-3 (Groundball, 6)
Batting: LHB Stanley Smith 0-0: Ball
1-0: Foul Ball, location: 2F
1-1: Ball
2-1: Swinging Strike
2-2: Strikes out looking
Top of the 4th over - 4 runs, 2 hits, 0 errors, 0 left on base; Minnesota 5 - Kingston 4
BOTTOM OF THE 4TH
Kingston Iguanas batting - Pitching for Minnesota ManBearPigs : RHP José Antonio Peña
Batting: RHB Sergio Mata 0-0: Ball
1-0: Ball
2-0: Ball
3-0: Base on Balls
Batting: RHB Cristián López 0-0: Ball
Sergio Mata steals 2nd base
1-0: Ball
2-0: Fly out, F8 (Flyball, 8RXD)
Runner from 2nd tags up, SAFE at 3rd, no throw
Batting: RHB Ron Campbell 0-0: Ball
1-0: Called Strike
1-1: Called Strike
1-2: Ball
2-2: Ball
3-2: SINGLE (Line Drive, 56D)
Sergio Mata scores
Batting: LHB Marvin Nichols 0-0: Ball
1-0: Ball
2-0: Ball
Ron Campbell steals 2nd base
3-0: Called Strike
3-1: Foul Ball, location: 2F
3-2: SINGLE (Flyball, 89S)
Ron Campbell to third
Batting: RHB Tim Davis 0-0: Foul Ball, location: 2F
0-1: SINGLE (Line Drive, 6MD)
Ron Campbell scores
Marvin Nichols to second
Pitching: LHP José Reyes
Batting: LHB Gustavo Gómez 0-0: Called Strike
0-1: Ball
1-1: Called Strike
1-2: Ball
2-2: Foul Ball, location: 2F
2-2: Strikes out looking
Batting: RHB Bob Lee 0-0: Ground out 4-3 (Groundball, 4)
Bottom of the 4th over - 2 runs, 3 hits, 0 errors, 2 left on base; Minnesota 5 - Kingston 6
TOP OF THE 5TH
Minnesota ManBearPigs batting - Pitching for Kingston Iguanas : RHP Brandon Malet
Batting: LHB Pedro Escobar 0-0: Ball
1-0: DOUBLE (Flyball, 8RXD)
Batting: RHB Jaime Hernández 0-0: Ball
1-0: Ball
2-0: Ground out 6-3 (Groundball, 6)
Pedro Escobar to third
Batting: LHB Greg MacCanish 0-0: Called Strike
0-1: Foul Ball, location: 2F
0-2: Foul Ball, location: 2F
0-2: Strikes out looking
Batting: RHB James Hunter 0-0: Foul Ball, location: 2F
0-1: Swinging Strike
0-2: Ground out 1-3 (Groundball, 13S)
Top of the 5th over - 0 runs, 1 hit, 0 errors, 1 left on base; Minnesota 5 - Kingston 6
BOTTOM OF THE 5TH
Kingston Iguanas batting - Pitching for Minnesota ManBearPigs : LHP José Reyes
Batting: RHB Andrés Bustamante 0-0: Ball
1-0: Called Strike
1-1: SOLO HOME RUN (Flyball, 7LD), Distance : 339 ft
Batting: RHB Manuel Gómez 0-0: Ball
1-0: Ground out 4-3 (Groundball, 4)
Batting: RHB Sergio Mata 0-0: Called Strike
0-1: Ball
1-1: Ball
2-1: Foul Ball, location: 2F
2-2: Strikes out swinging
Batting: RHB Cristián López 0-0: Called Strike
0-1: Ball
1-1: Foul Ball, location: 2F
1-2: Ball
2-2: Ball
3-2: Base on Balls
Batting: RHB Ron Campbell 0-0: Ball
1-0: Foul Ball, location: 2F
1-1: Ball
2-1: Called Strike
2-2: Fly out, F9 (Flyball, 89M)
Bottom of the 5th over - 1 run, 1 hit, 0 errors, 1 left on base; Minnesota 5 - Kingston 7
TOP OF THE 6TH
Minnesota ManBearPigs batting - Pitching for Kingston Iguanas : RHP Brandon Malet
Pitching: RHP Ron Jenkins
Batting: LHB Horace Kramer 0-0: Ball
1-0: Foul Ball, location: 2F
1-1: Ball
2-1: Foul Ball, location: 2F
2-2: Strikes out swinging
Batting: RHB Pedro López 0-0: Swinging Strike
0-1: Ball
1-1: SOLO HOME RUN (Flyball, 7LD), Distance : 331 ft
Batting: RHB Álex Martínez 0-0: Called Strike
0-1: Foul Ball, location: 2F
0-2: Ball
1-2: Foul Ball, location: 2F
1-2: Ball
2-2: Foul Ball, location: 2F
2-2: Ball
3-2: Strikes out swinging
Batting: RHB Carlos López 0-0: Foul Ball, location: 2F
0-1: SINGLE (Groundball, 6MD)
Batting: LHB Stanley Smith 0-0: Ball
1-0: Swinging Strike
1-1: Swinging Strike
1-2: Strikes out swinging
Top of the 6th over - 1 run, 2 hits, 0 errors, 1 left on base; Minnesota 6 - Kingston 7
BOTTOM OF THE 6TH
Kingston Iguanas batting - Pitching for Minnesota ManBearPigs : LHP José Reyes
Batting: LHB Marvin Nichols 0-0: Ball
1-0: Swinging Strike
1-1: SINGLE (Groundball, 4) (infield hit)
Pinch Runner at 1st John Beach:
Batting: RHB Tim Davis 0-0: Swinging Strike
0-1: Ball
1-1: Called Strike
1-2: Strikes out swinging
Batting: LHB Gustavo Gómez 0-0: Ball
1-0: Foul Ball, location: 2F
1-1: SINGLE (Line Drive, 4MD)
John Beach to second
Batting: RHB Bob Lee 0-0: SINGLE (Groundball, 56D)
John Beach to third
Gustavo Gómez to second
Runner from 3rd tries for Home, SAFE, throw made home
Pitching: RHP Cam Sparks
Batting: RHB Andrés Bustamante 0-0: Ball
1-0: Ball
2-0: Ball
3-0: Base on Balls
Gustavo Gómez to third
Bob Lee to second
Batting: RHB Manuel Gómez 0-0: Called Strike
0-1: Ball
1-1: Grounds into fielders choice 6-2 (Groundball, 6)
Bob Lee to third
Andrés Bustamante to second
Batting: RHB Sergio Mata 0-0: Swinging Strike
0-1: Foul Ball, location: 2F
0-2: Ball
1-2: Foul Ball, location: 2F
1-2: Ball
2-2: Ball
3-2: Strikes out swinging
Bottom of the 6th over - 1 run, 3 hits, 0 errors, 3 left on base; Minnesota 6 - Kingston 8
TOP OF THE 7TH
Minnesota ManBearPigs batting - Pitching for Kingston Iguanas : RHP Ron Jenkins
Pitching: LHP Jeff Minnich
Now in CF: John Beach
Batting: LHB Pedro Escobar 0-0: Ball
1-0: Called Strike
1-1: Ball
2-1: Foul Ball, location: 2F
2-2: SOLO HOME RUN (Flyball, 89XD), Distance : 404 ft
Pitching: RHP Guo-fang Juan
Batting: RHB Jaime Hernández 0-0: Called Strike
0-1: Ball
1-1: Ball
2-1: Ball
3-1: Fly out, F8 (Flyball, 8RS)
Batting: LHB Greg MacCanish 0-0: Ball
1-0: Ball
2-0: Ball
3-0: Called Strike
3-1: Foul Ball, location: 2F
3-2: Fly out, F6 (Line Drive, 6)
Batting: RHB James Hunter 0-0: Ball
1-0: Ground out 5-3 (Groundball, 5S)
Top of the 7th over - 1 run, 1 hit, 0 errors, 0 left on base; Minnesota 7 - Kingston 8
BOTTOM OF THE 7TH
Kingston Iguanas batting - Pitching for Minnesota ManBearPigs : RHP Cam Sparks
Batting: RHB Cristián López 0-0: Reached on error, E5 (Groundball, 5L)
Batting: RHB Ron Campbell 0-0: Bunted foul
0-1: Sac Bunt - play at first, batter OUT! U3
Cristián López to second
Batting: SHB John Beach 0-0: Called Strike
0-1: Ball
1-1: Ball
2-1: Foul Ball, location: 2F
2-2: Ground out 3-1 (Groundball, 34S)
Cristián López to third
Batting: RHB Tim Davis 0-0: Called Strike
0-1: SINGLE (Groundball, 4M) (infield hit)
Cristián López scores
Batting: LHB Gustavo Gómez 0-0: Ball
1-0: Called Strike
1-1: Ball
2-1: SINGLE (Groundball, 56D)
Tim Davis to second
Batting: RHB Bob Lee 0-0: Ball
1-0: Fly out, F7 (Flyball, 78M)
Bottom of the 7th over - 1 run, 2 hits, 1 error, 2 left on base; Minnesota 7 - Kingston 9
TOP OF THE 8TH
Minnesota ManBearPigs batting - Pitching for Kingston Iguanas : RHP Guo-fang Juan
Batting: LHB Horace Kramer 0-0: Ball
1-0: Ball
2-0: Fly out, F8 (Flyball, 8RD)
Batting: RHB Pedro López 0-0: Called Strike
0-1: Swinging Strike
0-2: Ball
1-2: Foul Ball, location: 2F
1-2: Foul Ball, location: 2F
1-2: Strikes out swinging
Batting: RHB Álex Martínez 0-0: Called Strike
0-1: Foul Ball, location: 2F
0-2: Ball
1-2: Strikes out looking
Top of the 8th over - 0 runs, 0 hits, 0 errors, 0 left on base; Minnesota 7 - Kingston 9
BOTTOM OF THE 8TH
Kingston Iguanas batting - Pitching for Minnesota ManBearPigs : RHP Cam Sparks
Batting: RHB Andrés Bustamante 0-0: Ball
1-0: Ball
2-0: Foul Ball, location: 2F
2-1: Foul Ball, location: 2F
2-2: Strikes out looking
Batting: RHB Manuel Gómez 0-0: Called Strike
0-1: Called Strike
0-2: Fly out, F9 (Flyball, 9LS)
Batting: RHB Sergio Mata 0-0: Fly out, F7 (Line Drive, 7S)
Bottom of the 8th over - 0 runs, 0 hits, 0 errors, 0 left on base; Minnesota 7 - Kingston 9
TOP OF THE 9TH
Minnesota ManBearPigs batting - Pitching for Kingston Iguanas : RHP Guo-fang Juan
Batting: RHB Carlos López 0-0: Called Strike
0-1: Called Strike
0-2: Ball
1-2: Strikes out swinging
Batting: LHB Stanley Smith 0-0: Foul Ball, location: 2F
0-1: Called Strike
0-2: Strikes out swinging
Batting: LHB Pedro Escobar 0-0: Foul Ball, location: 2F
0-1: Called Strike
0-2: SINGLE (Groundball, 4MD)
Batting: RHB Jaime Hernández 0-0: Ball
1-0: Foul Ball, location: 2F
1-1: Ball
2-1: Foul Ball, location: 2F
2-2: Fielders Choice at 2nd, 6-4 (Groundball, 6)
Top of the 9th over - 0 runs, 1 hit, 0 errors, 1 left on base; Minnesota 7 - Kingston 9
Saturday, December 16th, 2017 - OOTP Baseball 18.8 Build 76